 Dungeon Crawl Stone Soup version 0.30-a0-125-g51eefa8 (webtiles) character file.

Game seed: 13765555255568715003

1227 yaymichael the Spear-Bearer (level 8, -7/61 HPs)
             Began as a Merfolk Gladiator on Sept 18, 2022.
             Was an Initiate of Qazlal.
             Mangled by a troll (9 damage)
             ... on level 6 of the Dungeon.
             The game lasted 00:17:17 (6634 turns).

yaymichael the Spear-Bearer (Merfolk Gladiator)     Turns: 6634, Time: 00:17:17

Health: -7/61      AC:  9    Str: 18    XL:     8   Next: 48%
Magic:  8/8        EV: 14    Int:  7    God:    Qazlal [......]
Gold:   300        SH:  0    Dex: 16    Spells: 7/7 levels left

rFire   . . .      SeeInvis .    a - +2 trident
rCold   . . .      Faith    .    (no shield)
rNeg    + . .      Spirit   .    b - +0 leather armour
rPois   .          Reflect  .    c - +0 helmet
rElec   .          Harm     .    p - +0 cloak
rCorr   .          Rampage  .    m - +0 pair of gloves
Will    .....                    k - +2 pair of boots
Stlth   ++........               (no amulet)
HPRegen 0.20/turn                q - ring of positive energy
MPRegen 0.11/turn                (no ring)

@: about to teleport
A: (nimble swimmer 2), mertail, claws 1, strong 1
a: Renounce Religion


You were on level 6 of the Dungeon.
You worshipped Qazlal.
Qazlal was noncommittal.
You visited 2 branches of the dungeon, and saw 7 of its levels.

You collected 300 gold pieces.

Inventory:

Hand Weapons
 a - a +2 trident (weapon)
Missiles
 d - 2 throwing nets (quivered)
 e - a javelin
 f - 18 poisoned darts
Armour
 b - a +0 leather armour (worn)
 c - a +0 helmet (worn)
 k - a +2 pair of boots (worn)
 m - a +0 pair of gloves (worn)
 p - a +0 cloak (worn)
Jewellery
 g - a ring of ice
 l - a ring of flight
 q - a ring of positive energy (left hand)
Wands
 i - a wand of iceblast (6)
 v - a wand of flame (11)
Scrolls
 h - a scroll of teleportation
 r - a scroll of amnesia
 t - a scroll of poison
Potions
 j - a potion of lignification
 n - 2 potions of curing
 o - a potion of ambrosia
 s - a potion of magic {unknown}
 u - a potion of cancellation {unknown}


   Skills:
 * Level 4.5 Fighting
 * Level 9.9 Polearms
 - Level 3.6 Throwing
 * Level 2.3 Armour
 + Level 5.2 Dodging
 + Level 2.5 Stealth
 * Level 0.3 Spellcasting
 * Level 0.6 Evocations


You had 7 spell levels left.
You didn't know any spells.
Your spell library contained the following spells:

 Spells                   Type           Power      Damage    Failure   Level
 Scorch                   Fire           0%         2d5       63%         2
 Portal Projectile        Hex/Tloc       0%         N/A       86%         3
 Tukima's Dance           Hex            0%         N/A       86%         3
 Flame Wave               Conj/Fire      0%         2d4       99%         4
 Blade Hands              Tmut           0%         N/A       100%        5
 Summon Cactus Giant      Summ           0%         N/A       100%        6


Dungeon Overview and Level Annotations

Branches:
Dungeon (6/15)             Temple (1/1) D:5

Altars:
Ashenzari
Cheibriados
Dithmenos
Elyvilon
Kikubaaqudgha
Makhleb
Nemelex Xobeh
Okawaru
Qazlal
Ru
Sif Muna
Trog
Uskayaw
Vehumet
Xom
Yredelemnul
Zin

Annotations:
D:3 3 runed translucent doors, pengboon's ghost, amateur DECj
D:4 Grinder; Sigmund
D:5 2 runed translucent doors, bobfrom10's ghost, novice DECj


Innate Abilities, Weirdness & Mutations

((You are very nimble when in or above water. (Stealth+, EV+, Speed+++)))
Your lower body shifts to a powerful aquatic tail in water.
You have sharp fingernails.
Your muscles are strong. (Str +4, Int/Dex -1)


Message History

The gnoll sergeant is heavily wounded.
The gnoll sergeant completely misses you.
Aiming: Throw Flame
Press: ? - help, Shift-Dir - straight line, f/p - gnoll sergeant
Aim: a gnoll sergeant, wielding a +0 trident and wearing a +0 ring mail (heavily wounded, 77% to hit)
The puff of flame misses the gnoll sergeant.
The puff of flame misses the gnoll.
The puff of flame hits the troll.
The troll is lightly wounded.
The gnoll sergeant hits you but does no damage.
You reach to attack!
You hit the gnoll sergeant.
The gnoll sergeant is severely wounded.
The gnoll sergeant hits you from afar with a +0 trident!
Unknown command.
You reach to attack!
You hit the gnoll sergeant but do no damage.
The gnoll sergeant is severely wounded.
The gnoll sergeant closely misses you.
Unknown command.
You reach to attack!
You hit the gnoll sergeant but do no damage.
The gnoll sergeant is severely wounded.
The gnoll sergeant hits you from afar with a +0 trident!
Unknown command.
A gnoll comes into view. It is wielding a +0 flail.
The gnoll shouts!
You closely miss the gnoll.
The gnoll sergeant completely misses you.
The gnoll hits you with a +0 flail! The gnoll sergeant closely misses you.
The gnoll attacks as you move away! The gnoll barely misses you.
Okay, then.
The troll attacks as you move away! The troll closely misses you.
The troll claws you!
* * * LOW HITPOINT WARNING * * *
The troll barely misses you.
As you read the scroll of teleportation, it crumbles to dust.
You feel strangely unstable. The troll bites you!
* * * LOW HITPOINT WARNING * * *
The troll barely misses you. The troll claws you!
You die...

#.##.......#.....# #..#####..
#.#####..........# #..# #.. #.#
#....####.## ###..## #.. #.#
##...#..#.# #..[..# ### #.#
###.#.#....#####.....# #.#
#...###.......#####..##
#.####.#[..................#
#......#.#########.####.#..#
#....###.#..g.T@...#..#.#..#####
+....'...#gg#####.....#.#.......
#....#####..#####.###.#.##...##.
#.....# #.g......#...#.....>...
#.....# #.g..#####..(###....###
+.....#####.#......[....<..#..#
#(.......†..#..###...###...#..#
#....#####.....#...........#..#
#....# #.###.#.#.#####.#.# .#


You could see a troll, a gnoll sergeant and 2 gnolls.

Vanquished Creatures
  Menkaure (D:5)
  A water moccasin (D:6)
  3 ice beasts (D:6)
  A necrophage (D:4)
  2 scorpions (D:6)
  A hound (D:6)
  A jelly (D:4)
  An orc priest (D:3)
  2 gnoll boudas
  5 iguanas
  7 gnolls
  10 adders
  A shadow imp (D:4)
  2 white imps
  4 worms
  3 dart slugs
  8 orcs
  6 ball pythons
  8 endoplasms
  A giant cockroach (D:2)
  7 goblins
  4 hobgoblins
  2 jackals (D:3)
  6 kobolds
  4 quokkas
  2 bats
  A frilled lizard (D:2)
  4 rats
98 creatures vanquished.

Notes
Turn   | Place    | Note
-------+----------+-------------------------------------------
     0 | D:1      | yaymichael the Merfolk Gladiator began the quest for the
                  | Orb.
     0 | D:1      | Reached XP level 1. HP: 16/16 MP: 1/1
   116 | D:1      | Reached XP level 2. HP: 23/23 MP: 2/2
   703 | D:1      | Reached skill level 5 in Polearms
   703 | D:1      | Reached XP level 3. HP: 28/28 MP: 3/3
  1398 | D:2      | Reached XP level 4. HP: 34/34 MP: 4/4
  1439 | D:2      | Found a faded altar of an unknown god.
  1748 | D:2      | You fall into a shaft and drop 2 floors!
  1946 | D:4      | Reached skill level 6 in Polearms
  1991 | D:4      | Noticed a necrophage
  2001 | D:4      | Killed a necrophage
  2002 | D:4      | Reached XP level 5. HP: 26/40 MP: 5/5
  2279 | D:4      | Noticed Grinder
  2306 | D:5      | Entered Level 5 of the Dungeon
  2700 | D:5      | Reached skill level 7 in Polearms
  2700 | D:5      | Reached XP level 6. HP: 36/47 MP: 6/6
  2705 | D:5      | Noticed Menkaure
  3219 | D:3      | Noticed pengboon's ghost (amateur DECj)
  3246 | D:3      | Found a runed translucent gate.
  3246 | D:3      | Found a runed translucent gate.
  3246 | D:3      | Found a runed translucent gate.
  3905 | D:2      | Reached skill level 1 in Armour
  3970 | D:2      | Gained mutation: You have sharp fingernails. [potion of
                  | mutation]
  3970 | D:2      | Gained mutation: Your muscles are strong. (Str +4, Int/Dex
                  | -1) [potion of mutation]
  4051 | D:4      | Noticed Sigmund
  4081 | D:4      | Reached skill level 1 in Stealth
  4540 | D:5      | Found a radiant altar of Vehumet.
  4616 | D:5      | Found a runed translucent door.
  4618 | D:5      | Noticed bobfrom10's ghost (novice DECj)
  4917 | D:4      | Reached XP level 7. HP: 49/52 MP: 7/7
  4969 | D:5      | Killed Menkaure
  4970 | D:5      | Reached skill level 8 in Polearms
  5106 | D:5      | Found a runed translucent door.
  5427 | D:5      | Found a staircase to the Ecumenical Temple.
  5433 | Temple   | Entered the Ecumenical Temple
  5460 | Temple   | Became a worshipper of Qazlal Stormbringer
  5754 | D:5      | Reached skill level 5 in Dodging
  6277 | D:6      | Reached skill level 9 in Polearms
  6293 | D:6      | Reached XP level 8. HP: 34/60 MP: 8/8
  6597 | D:6      | Noticed a troll
  6634 | D:6      | HP: 2/61 [troll (16)]
  6634 | D:6      | Mangled by a troll

Illustrated notes

Levels and vault maps discovered:
D:1:      amcnicky_arrival_choice, layout_basic, supply_closet_lemuel,
          dreamdust_princess_bridge
D:2:      layout_basic, ebering_ecumenical_altar_box, corexii_leaking_fountain,
          nrook_mini_backslash, minmay_tetromino_i2
D:3:      layout_loops_cross, gammafunk_ghost_icy
D:4:      layout_gridville, uniq_grinder, uniq_sigmund
D:5:      layout_rooms, nicolae_overflow_crystal_walls,
          minmay_temple_entry_fiery, ebering_ghost_sewer_f,
          chequers_decorated_corner, chequers_serial_rivers_micro_a,
          st_stairs_12, uniq_menkaure
D:6:      layout_basic, minmay_microvault
Temple:   regret_index_temple_sphere_string

Skill      XL: |  1  2  3  4  5  6  7 |
---------------+----------------------+-----
Polearms       | 5 6 7 9 |  9.9
Fighting       | 3 4 |  4.5
Throwing       | 3 |  3.6
Armour         | 1 2 |  2.3
Stealth        | 1 2 |  2.5
Dodging        | 5 |  5.2
Spellcasting   | |  0.3
Evocations     | |  0.6

Action                   |  1- 3 |  4- 6 |  7- 9 || total
-------------------------+-------+-------+-------++-------
Melee: Trident           |    84 |   193 |   143 ||   420
       Punch             |     1 |     1 |     2 ||     4
Throw: Throwing net      |       |     2 |       ||     2
Evoke: Wand              |       |       |     8 ||     8
  Use: Scroll            |     5 |    12 |     3 ||    20
       Potion            |       |     4 |       ||     4
 Stab: Sleeping          |     3 |     4 |     2 ||     9
       Distracted        |       |     1 |       ||     1
Armor: Leather armour    |    11 |    37 |    28 ||    76
Dodge: Dodged            |    34 |   119 |    72 ||   225

Table legend: (Time is in decaauts)
 A = Elapsed time spent in this place.
 B = Non-inter-level travel time spent in this place.
 C = Inter-level travel time spent in this place.
 D = Time resting spent in this place.
 E = Time spent auto-exploring this place.
 F = Levels seen in this place.
 G = Mean time per level.
                   A        B        C        D        E       F      G
               +--------+--------+--------+--------+--------+-----+--------+
         Total |   6605 |   6444 |    161 |   2169 |   2934 |   7 |  943.6 |
       Dungeon |   6483 |   6343 |    140 |   2169 |   2852 |   6 | 1080.5 |
        Temple |    121 |    100 |     21 |      0 |     82 |   1 |  121.0 |
               +--------+--------+--------+--------+--------+-----+--------+

Top non-repeatable levels by time:
     D:5: 1357 daAuts
     D:4: 1143 daAuts
     D:2: 1064 daAuts
     D:3: 1059 daAuts
     D:6: 931 daAuts
     D:1: 927 daAuts
  Temple: 121 daAuts
